 Dungeon Crawl Stone Soup version 0.24.0-123-gd5b16e6ec5 (webtiles) character file.

Game seed: 9497908959831816625, levelgen mode: deterministic

238 Lemonice the Charmwright (level 6, -5/50 HPs)
             Began as a Gnoll Skald on Feb 10, 2020.
             Was an Initiate of the Shining One.
             Slain by Crazy Yiuf
             ... wielding a +4 quarterstaff of chaos
              (13 damage)
             ... on level 3 of the Dungeon.
             The game lasted 00:06:08 (2890 turns).

Lemonice the Charmwright (Gnoll Skald)              Turns: 2890, Time: 00:06:09

Health: -5/50      AC:  4    Str: 15    XL:     6   Next: 7%
Magic:  10/13      EV: 14    Int: 15    God:    the Shining One [......]
Gold:   108        SH:  0    Dex: 15    Spells: 7/15 levels left

rFire    . . .     SeeInvis .   a - +0 spear
rCold    . . .     Gourm    .   (no shield)
rNeg     . . .     Faith    .   b - +0 leather armour
rPois    .         Spirit   .   (no helmet)
rElec    .         Reflect  .   (no cloak)
rCorr    .         Harm     .   (no gloves)
MR       .....                  f - +0 pair of boots
Stlth    +.........             (no amulet)
HPRegen  0.16/turn              (no ring)
MPRegen  0.13/turn              (no ring)

@: glowing
A: distributed training, fangs 1, strong nose
a: Renounce Religion


You were on level 3 of the Dungeon.
You worshipped the Shining One.
The Shining One was noncommittal.
You were hungry.

You visited 1 branch of the dungeon, and saw 3 of its levels.

You collected 108 gold pieces.

Inventory:

Hand Weapons
 a - a +0 spear (weapon)
Missiles
 i - 8 boomerangs of dispersal (quivered)
Armour
 b - a +0 leather armour (worn)
 f - a +0 pair of boots (worn)
Wands
 n - a wand of polymorph (8)
Scrolls
 c - 2 scrolls of enchant weapon {unknown}
 e - 6 scrolls of identify {unknown}
 g - a scroll of teleportation {unknown}
 h - 2 scrolls of noise {unknown}
 j - a scroll of amnesia {unknown}
 p - a scroll of remove curse {unknown}
Potions
 k - a potion of curing {unknown}
 l - a potion of heal wounds {unknown}
 m - a potion of haste {unknown}
 o - a potion of agility {unknown}
Comestibles
 d - 5 rations


   Skills:
 + Level 4.9 Fighting
 + Level 1.7 Short Blades
 + Level 1.7 Long Blades
 + Level 1.7 Axes
 + Level 1.7 Maces & Flails
 + Level 4.9 Polearms
 + Level 1.7 Staves
 + Level 1.7 Slings
 + Level 1.7 Bows
 + Level 1.7 Crossbows
 + Level 1.7 Throwing
 + Level 3.1 Armour
 + Level 4.9 Dodging
 + Level 1.7 Stealth
 + Level 1.7 Shields
 + Level 1.7 Unarmed Combat
 + Level 5.3 Spellcasting
 + Level 1.3 Conjurations
 + Level 1.3 Hexes
 + Level 5.6 Charms
 + Level 1.3 Summonings
 + Level 1.3 Necromancy
 + Level 1.3 Translocations
 + Level 1.3 Transmutations
 + Level 1.3 Fire Magic
 + Level 1.3 Ice Magic
 + Level 1.3 Air Magic
 + Level 1.3 Earth Magic
 + Level 1.3 Poison Magic
 + Level 2.0 Invocations
 + Level 1.7 Evocations


You had 7 spell levels left.
You knew the following spells:

 Your Spells              Type           Power        Failure   Level  Hunger
a - Infusion              Chrm           ###.         1%          1    None
b - Song of Slaying       Chrm           ###.....     3%          2    ##.....
c - Shroud of Golubria    Chrm/Tloc      ##....       7%          2    ##.....
d - Spectral Weapon       Hex/Chrm       ##......     14%         3    ###....

Your spell library contained the following spells:

 Spells                   Type           Power        Failure   Level  Hunger
 Regeneration             Chrm/Necr      ##........   14%         3    ###....
 Cause Fear               Hex            #.........   73%         4    ####...
 Silence                  Hex/Air        #.........   97%         5    ######.
 Yara's Violent Unravell  Hex/Tmut       #.........   97%         5    ######.
 Deflect Missiles         Chrm/Air       ##........   100%        6    #######
 Discord                  Hex            #.........   100%        8    #######


Dungeon Overview and Level Annotations

Branches:
Dungeon (3/15)

Altars:
Zin
The Shining One

Annotations:
D:3 Crazy Yiuf


Innate Abilities, Weirdness & Mutations

Your experience applies equally to all skills.
You have very sharp teeth.
Your uncanny sense of smell can sniff out nearby items.


Message History

Crazy Yiuf hits you with a +4 quarterstaff of chaos!
* * * LOW HITPOINT WARNING * * *
You barely miss Crazy Yiuf.
Crazy Yiuf is heavily wounded.
Crazy Yiuf screams, "Nubble green wrapper!"
Crazy Yiuf hits you with a +4 quarterstaff of chaos!
* * * LOW HITPOINT WARNING * * *
You feel your power leaking away.
Things that are here:
a +0 short sword; a kobold skeleton Crazy Yiuf yells, "Defame mumblescurry hog!"
Crazy Yiuf says, "Crazy?
Crazy!?
PORCUPINE!"
Crazy Yiuf screams, "Hack hand leg!"
Crazy Yiuf grits, "Tonal return to song forty-two!"
There is an open door here.
There is a large open door here.
There is a large open door here.
Crazy Yiuf says, "Announcement foot pontify!"
Crazy Yiuf hits you with a +4 quarterstaff of chaos!
You die...

######.............# .#
#...........###### .##
#...........##...#
..####...........##.#.####
..#.##..........#...#....#
....#..).....##.#.######.#
...<#.........#...# #.#
...##.......#...#### #.#
............###g@..# #.#
###'#......[######.# #.#
...รท........#<...#.#####.#
............####.#.......#
............# #.#########
.....#####'## #...#
####.#####'## ####.#####
#........# #........#
##......># #.##.#.########


You could see Crazy Yiuf.

Vanquished Creatures
  Natasha (thrice) (D:3)
  3 gnolls (D:2)
  3 adders
  An ooze (D:2)
  4 worms
  6 leopard geckos
  An orc (D:3)
  8 giant cockroaches
  10 goblins
  10 hobgoblins
  6 jackals (D:2)
  7 kobolds
  A quokka (D:3)
  11 bats
  4 frilled lizards
  6 rats
84 creatures vanquished.

Notes
Turn   | Place    | Note
-------+----------+-------------------------------------------
     0 | D:1      | Lemonice the Gnoll Skald began the quest for the Orb.
     0 | D:1      | Reached XP level 1. HP: 20/20 MP: 6/6
   114 | D:1      | Reached XP level 2. HP: 22/26 MP: 7/7
   294 | D:1      | Reached XP level 3. HP: 29/31 MP: 9/9
   380 | D:1      | Reached skill level 5 in Spellcasting
   624 | D:2      | Reached skill level 1 in Invocations
   806 | D:2      | Found a glowing golden altar of the Shining One.
   841 | D:2      | Reached skill level 1 in Short Blades
   841 | D:2      | Reached skill level 1 in Long Blades
   841 | D:2      | Reached skill level 1 in Axes
   841 | D:2      | Reached skill level 1 in Maces & Flails
   841 | D:2      | Reached skill level 1 in Staves
   841 | D:2      | Reached skill level 1 in Slings
   841 | D:2      | Reached skill level 1 in Bows
   841 | D:2      | Reached skill level 1 in Crossbows
   841 | D:2      | Reached skill level 1 in Throwing
   841 | D:2      | Reached skill level 1 in Stealth
   841 | D:2      | Reached skill level 1 in Shields
   841 | D:2      | Reached skill level 1 in Unarmed Combat
   841 | D:2      | Reached skill level 1 in Evocations
   841 | D:2      | Reached XP level 4. HP: 26/38 MP: 11/11
   867 | D:2      | Became a worshipper of the Shining One
   891 | D:2      | Found a glowing silver altar of Zin.
  1262 | D:2      | Reached skill level 1 in Conjurations
  1262 | D:2      | Reached skill level 1 in Hexes
  1262 | D:2      | Reached skill level 1 in Summonings
  1262 | D:2      | Reached skill level 1 in Necromancy
  1262 | D:2      | Reached skill level 1 in Translocations
  1262 | D:2      | Reached skill level 1 in Transmutations
  1262 | D:2      | Reached skill level 1 in Fire Magic
  1262 | D:2      | Reached skill level 1 in Ice Magic
  1262 | D:2      | Reached skill level 1 in Air Magic
  1262 | D:2      | Reached skill level 1 in Earth Magic
  1262 | D:2      | Reached skill level 1 in Poison Magic
  1879 | D:2      | Reached XP level 5. HP: 43/43 MP: 12/12
  2017 | D:3      | Learned a level 2 spell: Song of Slaying
  2020 | D:3      | Learned a level 2 spell: Shroud of Golubria
  2024 | D:3      | Learned a level 3 spell: Spectral Weapon
  2083 | D:3      | Found a faded altar of an unknown god.
  2401 | D:3      | Noticed Natasha
  2411 | D:3      | Killed Natasha
  2536 | D:3      | Noticed Natasha
  2545 | D:3      | Killed Natasha
  2584 | D:3      | Found a runed translucent door.
  2585 | D:3      | Noticed Crazy Yiuf
  2745 | D:3      | Noticed Natasha
  2757 | D:3      | Killed Natasha
  2757 | D:3      | Reached XP level 6. HP: 35/50 MP: 13/13
  2849 | D:3      | HP: 2/50 [Crazy Yiuf/+4 quarterstaff of chaos (12)]
  2890 | D:3      | Slain by Crazy Yiuf

Levels and vault maps discovered:
D:1:      minmay_arrival_solitary_statue, layout_basic, serial_glass,
          glass_columns_a, glass_columns_a
D:2:      layout_basic, tso_oasis_becter, serial_glass, glass_columns_c,
          glass_columns_a, lemuel_tele_altar
D:3:      layout_basic, chequers_ecumenical_altar_simple, uniq_natasha,
          uniq_crazy_yiuf_cottage

Skill      XL: |  1  2  3  4  5 |
---------------+----------------+-----
Spellcasting   | 5 |  5.3
Invocations    | 1 2 |  2.0
Short Blades   | 1 |  1.7
Long Blades    | 1 |  1.7
Axes           | 1 |  1.7
Maces & Flails | 1 |  1.7
Staves         | 1 |  1.7
Slings         | 1 |  1.7
Bows           | 1 |  1.7
Crossbows      | 1 |  1.7
Throwing       | 1 |  1.7
Stealth        | 1 |  1.7
Shields        | 1 |  1.7
Unarmed Combat | 1 |  1.7
Evocations     | 1 |  1.7
Conjurations   | 1 |  1.3
Hexes          | 1 |  1.3
Summonings     | 1 |  1.3
Necromancy     | 1 |  1.3
Translocations | 1 |  1.3
Transmutations | 1 |  1.3
Fire Magic     | 1 |  1.3
Ice Magic      | 1 |  1.3
Air Magic      | 1 |  1.3
Earth Magic    | 1 |  1.3
Poison Magic   | 1 |  1.3
Armour         | 3 |  3.1
Fighting       | |  4.9
Polearms       | |  4.9
Dodging        | |  4.9
Charms         | |  5.6

Action                   |  1- 3 |  4- 6 || total
-------------------------+-------+-------++-------
Melee: Spear             |   164 |   218 ||   382
       Bite              |    15 |    32 ||    47
 Stab: Sleeping          |     3 |       ||     3
  Eat: Chunk             |       |     6 ||     6
Armor: Leather armour    |    23 |    29 ||    52
Dodge: Dodged            |    83 |   135 ||   218
